 Dungeon Crawl Stone Soup version 0.30-a0-964-gd452b5e7fa (webtiles) character file.

Game seed: 11795956902257597227

434 vishdafish the Conjurer (level 6, -2/41 HPs)
             Began as a Demonspawn Conjurer on Mar 30, 2023.
             Slain by Menkaure (16 damage)
             ... on level 4 of the Dungeon.
             The game lasted 00:07:10 (4061 turns).

vishdafish the Conjurer (Demonspawn Conjurer)       Turns: 4061, Time: 00:07:11

Health: -2/41      AC:  6    Str:  8    XL:     6   Next: 67%
Magic:  8/13       EV: 12    Int: 21    God:
Gold:   155        SH:  0    Dex: 11    Spells: 13/14 levels left

rFire   . . .      SeeInvis .    t - +2 longbow (flame)
rCold   . . .      Faith    .    (shield currently unavailable)
rNeg    . . .      Spirit   .    a - +0 robe
rPois   .          Reflect  .    b - +0 helmet
rElec   .          Rampage  .    h - +2 cloak
rCorr   .                        (no gloves)
Will    .....                    (no boots)
Stlth   ++                       (no amulet)
HPRegen 0.26/turn                (no ring)
MPRegen 0.13/turn                (no ring)

@: no status effects
A: claws 1, powered by death 2
a: no special abilities


You were on level 4 of the Dungeon.
You visited 1 branch of the dungeon, and saw 5 of its levels.

You collected 155 gold pieces.

Inventory:

Hand Weapons
 l - a +0 dagger
 t - a +2 longbow of flaming (weapon)
Armour
 a - a +0 robe (worn)
 b - a +0 helmet (worn)
 h - a +2 cloak (worn)
 s - a +1 leather armour of willpower
Wands
 r - a wand of digging (1)
Scrolls
 c - 3 scrolls of identify {unknown}
 d - 2 scrolls of vulnerability {unknown}
 e - 2 scrolls of immolation {unknown}
 f - a scroll of noise {unknown}
 g - 3 scrolls of poison {unknown}
 m - a scroll of fear {unknown}
 n - a scroll of magic mapping {unknown}
 o - a scroll of teleportation {unknown}
 p - a scroll of enchant weapon {unknown}
 q - a scroll of blinking {unknown}
Potions
 i - 2 potions of flight {unknown}
 j - 2 potions of curing
 k - a potion of brilliance {unknown}


   Skills:
 + Level 0.0 Ranged Weapons
 - Level 1.7 Dodging
 - Level 1.7 Stealth
 + Level 4.9 Spellcasting
 - Level 6.3 Conjurations


You had 13 spell levels left.
You knew the following spells:

 Your Spells              Type           Power      Damage    Failure   Level
a - Magic Dart            Conj           100%       1d8       1%          1

Your spell library contained the following spells:

 Spells                   Type           Power      Damage    Failure   Level
 Searing Ray              Conj           62%        2d6       1%          2
 Dazzling Flash           Conj/Hex       36%        N/A       9%          3
 Apportation              Tloc           10%        N/A       11%         1
 Beastly Appendage        Tmut           10%        N/A       11%         1
 Necrotise                Necr           20%        1d5       11%         1
 Summon Small Mammal      Summ           20%        N/A       11%         1
 Wereblood                Tmut           5%         N/A       17%         2
 Fulminant Prism          Conj/Hex       9%         3d6       28%         4
 Iskenderun's Mystic Bla  Conj/Tloc      18%        2d6       28%         4
 Spider Form              Tmut/Pois      5%         N/A       32%         3


Dungeon Overview and Level Annotations

Branches:
Dungeon (5/15)             Temple (0/1) D:4

Altars:

Annotations:
D:4 Menkaure


Innate Abilities, Weirdness & Mutations

You have sharp fingernails.
You regenerate health from kills.


Message History

It was a potion of curing.
You feel better. Menkaure barely misses you.
Aiming: Magic Dart (safe; 1% risk of failure)
Press: ? - help, Q - select action, (/) - cycle Shift-Dir - straight line, f/p - Menkaure
Aim: Menkaure (heavily damaged, fast, 100% to hit)
The magic dart hits Menkaure.
Menkaure is severely damaged.
Menkaure barely misses you.
Aiming: Magic Dart (safe; 1% risk of failure)
Press: ? - help, Q - select action, (/) - cycle Shift-Dir - straight line, f/p - Menkaure
Aim: Menkaure (severely damaged, fast, 100% to hit)
The magic dart hits Menkaure but does no damage.
Menkaure is severely damaged.
Menkaure hits you.
* * * LOW HITPOINT WARNING * * *
Aiming: Magic Dart (safe; 1% risk of failure)
Press: ? - help, Q - select action, (/) - cycle Shift-Dir - straight line, f/p - Menkaure
Aim: Menkaure (severely damaged, fast, 100% to hit)
The magic dart hits Menkaure.
Menkaure is almost destroyed.
Menkaure hits you.
* * * LOW HITPOINT WARNING * * *
Menkaure calls on the powers of darkness!
Your body is wracked with pain!
* * * LOW HITPOINT WARNING * * *
You feel better. Menkaure casts a spell at you.
You barely resist.
Aiming: Magic Dart (safe; 1% risk of failure)
Press: ? - help, Q - select action, (/) - cycle Shift-Dir - straight line, f/p - Menkaure
Aim: Menkaure (almost destroyed, fast, 100% to hit)
The magic dart hits Menkaure but does no damage.
Menkaure is almost destroyed.
Menkaure completely misses you.
Aiming: Magic Dart (safe; 1% risk of failure)
Press: ? - help, Q - select action, (/) - cycle Shift-Dir - straight line, f/p - Menkaure
Aim: Menkaure (almost destroyed, fast, 100% to hit)
The magic dart hits Menkaure.
Menkaure is almost destroyed.
Menkaure hits you!
You die...

........##..# #...
..###....###.####... #
...###...........'... ..
...........##.####...
......##......##.#######
....................#
.........#.##.##..#
#..##.###...#.##.##..###
...?!..@....#.##........
.......M.............###
#.#.#............^...#
#..##.##..#####....###
.... ..................
#.#. ##.##.######....###
# . ...#.# #....# # ..
#.. .. .......# # #.
###..#.# #


You could see Menkaure (fast).

Vanquished Creatures
  A scorpion (D:4)
  An orc priest (D:3)
  2 iguanas
  Natasha (twice) (D:2)
  An orc wizard (D:2)
  Ijyb (D:4)
  Robin (D:3)
  2 adders (D:2)
  7 gnolls
  A worm (D:2)
  A dart slug (D:1)
  3 orcs (D:3)
  5 bats
  7 endoplasms
  2 giant cockroaches
  22 goblins
  13 hobgoblins
  3 kobolds
  8 ball pythons
  2 frilled lizards (D:1)
  8 rats
93 creatures vanquished.

Notes
Turn   | Place    | Note
-------+----------+-------------------------------------------
     0 | D:1      | vishdafish the Demonspawn Conjurer began the quest for the
                  | Orb.
     0 | D:1      | Reached XP level 1. HP: 13/13 MP: 3/3
   253 | D:1      | Gained mutation: You regenerate a little health from kills.
                  | [demonic ancestry]
   253 | D:1      | Reached XP level 2. HP: 19/19 MP: 1/5
   629 | D:1      | Reached XP level 3. HP: 18/24 MP: 4/7
  1290 | D:2      | Noticed Natasha
  1299 | D:2      | Killed Natasha
  1300 | D:2      | Gained mutation: You regenerate health from kills. [demonic
                  | ancestry]
  1300 | D:2      | Reached XP level 4. HP: 24/30 MP: 5/8
  1605 | D:2      | Reached skill level 5 in Conjurations
  1630 | D:2      | Noticed Natasha
  1643 | D:2      | Killed Natasha
  2140 | D:3      | Noticed Robin
  2277 | D:2      | Reached XP level 5. HP: 26/35 MP: 2/10
  2405 | D:3      | Killed Robin
  3079 | D:3      | Gained mutation: You have sharp fingernails. [demonic
                  | ancestry]
  3079 | D:3      | Reached XP level 6. HP: 32/41 MP: 2/12
  3262 | D:3      | Reached skill level 6 in Conjurations
  3632 | D:4      | Noticed Ijyb
  3658 | D:4      | Killed Ijyb
  3830 | D:4      | Found a staircase to the Ecumenical Temple.
  3999 | D:5      | Entered Level 5 of the Dungeon
  4013 | D:5      | Noticed a water moccasin
  4049 | D:4      | Noticed Menkaure
  4061 | D:4      | Slain by Menkaure

Illustrated notes

Levels and vault maps discovered:
D:1:      dpeg_arrival_boxorama, layout_basic, minmay_pentomino_u4
D:2:      layout_loops_ring, uniq_natasha
D:3:      layout_basic, uniq_robin
D:4:      layout_basic, minmay_temple_entry_from_below_a,
          uniq_crazy_yiuf_cottage, uniq_ijyb, uniq_menkaure
D:5:      layout_loops_corners, mainiacjoe_overflow_alcove_4,
          mainiacjoe_overflow_catwalk, lightli_sewer_entry_pipes

Skill      XL: |  1  2  3  4  5  6 |
---------------+-------------------+-----
Spellcasting   | 3 4 |  4.9
Conjurations   | 5 6 |  6.3
Dodging        | |  1.7
Stealth        | |  1.7

Action                     |  1- 3 |  4- 6 || total
---------------------------+-------+-------++-------
  Melee: Unarmed           |     7 |     1 ||     8
         Dagger            |       |    15 ||    15
   Fire: Longbow           |       |     8 ||     8
   Cast: Magic Dart        |    71 |   175 ||   246
    Use: Potion            |     1 |     2 ||     3
 Armour: Robe              |     1 |    24 ||    25
  Dodge: Dodged            |    11 |    44 ||    55

Table legend: (Time is in decaauts)
 A = Elapsed time spent in this place.
 B = Non-inter-level travel time spent in this place.
 C = Inter-level travel time spent in this place.
 D = Time resting spent in this place.
 E = Time spent auto-exploring this place.
 F = Levels seen in this place.
 G = Mean time per level.
                   A        B        C        D        E       F      G
               +--------+--------+--------+--------+--------+-----+--------+
         Total |   4079 |   3862 |    217 |    295 |   3046 |   5 |  815.8 |
       Dungeon |   4079 |   3862 |    217 |    295 |   3046 |   5 |  815.8 |
               +--------+--------+--------+--------+--------+-----+--------+

Top non-repeatable levels by time:
     D:2: 1506 daAuts
     D:1: 1148 daAuts
     D:3: 935 daAuts
     D:4: 470 daAuts
     D:5: 18 daAuts
